 Dungeon Sprint DCSS version 0.21.1-1-g345015fe64 (webtiles) character file.

359 Jannitor the Unhurried (level 6, -2/53 HPs)
             Began as a Demonspawn Gladiator on May 23, 2018.
             Was a Believer of Cheibriados.
             Slain by a yaktaur
             ... wielding a +2 mace of holy wrath
              (6 damage)
             ... in the Dungeon (Sprint V: "Ziggurat Sprint").
             The game lasted 00:03:01 (512 turns).

Jannitor the Unhurried (Demonspawn Gladiator)        Turns: 512, Time: 00:03:02

Health: -2/53      AC: 17    Str: 25    XL:     6   Next: 37%
Magic:  0/12       EV: 15    Int: 14    God:    Cheibriados [**....]
Gold:   0          SH:  9    Dex: 23    Spells: 5/5 levels left

rFire    . . .     SeeInvis .     - Unarmed
rCold    . . .     Gourm    .   m - +3 buckler
rNeg     . . .     Faith    .   l - +5 shadow dragon scales
rPois    .         Spirit   +   (helmet restricted)
rElec    .         Reflect  .   (no cloak)
rCorr    .         Harm     .   (no gloves)
MR       .....     NoTele   +   (no boots)
Stlth    ++++......             (no amulet)
HPRegen  0.17/turn              (no ring)
MPRegen  0.13/turn              (no ring)

@: mighty, agile, very slow
A: antennae 1, claws 1, magic shield
a: Bend Time, Renounce Religion


You were in the Dungeon.
You worshipped Cheibriados.
Cheibriados was pleased with you.
You were not hungry.

You visited 1 branch

Inventory:

Hand Weapons
 a - a +0 rapier
 p - a +5 quick blade
Missiles
 d - 3 throwing nets (quivered)
Armour
 b - a +0 leather armour
 c - a +0 helmet
 l - +5 shadow dragon scales (worn)
 m - a +3 buckler (worn)
 n - a +3 large shield
 o - a +3 shield
Jewellery
 E - a +6 ring of dexterity
 F - a +6 ring of dexterity
 G - a +6 ring of intelligence
 H - a +6 ring of intelligence
 I - a +6 ring of strength
 J - a +6 ring of strength
Wands
 y - a wand of disintegration (7)
 C - a wand of iceblast (7)
 D - a wand of acid (7)
Scrolls
 k - 4 scrolls of blinking
 q - 4 scrolls of amnesia
 r - 7 scrolls of fog
 s - 5 scrolls of identify
 t - 5 scrolls of remove curse
 u - 2 scrolls of fear
Potions
 e - 10 potions of curing
 g - 8 potions of heal wounds
 h - 6 potions of haste
 i - 7 potions of magic
 j - 3 potions of berserk rage
 v - 2 potions of brilliance
 w - 2 potions of invisibility
 x - 4 potions of resistance
 A - 4 potions of agility
 B - 2 potions of might
Comestibles
 f - 7 rations


   Skills:
 + Level 6.5 Fighting
 - Level 5.8 Short Blades
 - Level 1.7 Throwing
 + Level 5.5 Armour
 - Level 2.6 Dodging
 + Level 5.5 Shields
 * Level 3.1 Unarmed Combat
 + Level 8.2 Invocations


You had 5 spell levels left.
You didn't know any spells.

Dungeon Overview and Level Annotations

Branches:
Dungeon (1/1)

Altars:
Ashenzari
Cheibriados
Dithmenos
Elyvilon
Fedhas
Gozag
Hepliaklqana
Kikubaaqudgha
Makhleb
Nemelex Xobeh
Okawaru
Qazlal
Ru
Sif Muna
Trog
Uskayaw
Vehumet
Wu Jian
Xom
Yredelemnul
Zin
The Shining One
Beogh
Jiyva
Lugonu

Annotations:
D 1 transporter


Innate Abilities, Weirdness & Mutations

You have a pair of small antennae on your head.
You have sharp fingernails.
When hurt, damage is shared between your health and your magic reserves.


Message History

The yaktaur hits you but does no damage. x2
The yaktaur misses you.
The centaur hits you but does no damage.
Unknown command.
You scratch the yaktaur.
The yaktaur is lightly wounded.
The yaktaur hits you with a +2 war axe of flaming!
The yaktaur burns you.
The centaur hits you but does no damage.
The yaktaur closely misses you.
The yaktaur hits you but does no damage.
You mangle the yaktaur!!
The yaktaur is heavily wounded.
The centaur barely misses you.
The yaktaur hits you with a +2 war axe of flaming!
The yaktaur burns you.
The yaktaur hits you with a +2 mace of holy wrath!
* * * LOW HITPOINT WARNING * * *
You convulse.
You die...

▓▓▓▓▓▓▓▓▓▓▓▓▓▓▓▓▓▓▓
▓.8©8.▓.8©8.▓.8©8.▓
▓..:..▓.))[.▓.....▓
▓..c..▓.....▓.}.).▓
▓.c@c.▓.....▓..)÷.▓
▓.c(..▓.††..▓.....▓
▓..(..▓.....▓..©..▓
▓..©..▓..©..▓▓▓▓▓▓▓
▓▓▓▓▓▓▓▓▓▓▓▓▓


You could see 3 yaktaurs and a centaur.

Vanquished Creatures
  A spriggan (D)
  A water moccasin (D)
  A wolf (D)
  An adder (D)
  A ball python (D)
5 creatures vanquished.

Notes
Turn   | Place    | Note
-------+----------+-------------------------------------------
     0 | D        | Found the +6 Majin-Bo {vamp, Archmagi MP+6 Int+6}
     0 | D        | Found the +7 great mace "Firestarter" {inner flame, rF++}
     0 | D        | Jannitor the Demonspawn Gladiator began the quest for the Orb.
     0 | D        | Reached XP level 1. HP: 16/16 MP: 1/1
     2 | D        | Found a blossoming altar of Fedhas.
     6 | D        | Found a viscous altar of Jiyva.
     6 | D        | Found a hazy altar of Hepliaklqana.
     6 | D        | Found a transporter.
     6 | D        | Found an opulent altar of Gozag.
     6 | D        | Found an ancient bone altar of Kikubaaqudgha.
     6 | D        | Found a corrupted altar of Lugonu.
    23 | D        | Found a burning altar of Makhleb.
    24 | D        | Found a sacrificial altar of Ru.
    24 | D        | Found a stormy altar of Qazlal.
    24 | D        | Found a deep blue altar of Sif Muna.
    24 | D        | Found an iron altar of Okawaru.
    24 | D        | Found a bloodstained altar of Trog.
    24 | D        | Found a sparkling altar of Nemelex Xobeh.
    41 | D        | Found the +9 heavy crossbow "Sniper" {velocity, Acc+∞ SInv}
    41 | D        | Found the +10 dark maul {crush}
    41 | D        | Found the +15 Maxwell's patent armour {-Cast -Tele rElec MR+ rCorr}
    41 | D        | Found the +18 shield of the Gong {rElec rN+ MR+ EV-5}
    41 | D        | Found the cursed +14 obsidian axe {chop, +Fly SInv *Curse}
    42 | D        | Found the +6 shillelagh "Devastator" {shatter}
    42 | D        | Found the +11 plutonium sword {*Contam Stlth-}
    42 | D        | Found the +8 lance "Wyrmbane" {slay drac, rPois rF+ rC+ AC+3}
    42 | D        | Found the +9 sword of Zonguldrok {reap}
    42 | D        | Found the cursed +13 scythe of Curses {drain, *Curse}
    42 | D        | Found the +0 sword of Power
    42 | D        | Found the +2 mace of Variability {chaos}
    42 | D        | Found the +7 Singing Sword
    42 | D        | Found the +7 longbow "Piercer" {penet, EV-2}
    58 | D        | Became a worshipper of Cheibriados the Contemplative
    77 | D        | Reached skill level 4 in Invocations
    77 | D        | Gained mutation: When hurt, damage is shared between your health and your magic reserves. [demonic ancestry]
    77 | D        | Reached XP level 2. HP: 25/25 MP: 1/5
    87 | D        | Entered arena 2.
    87 | D        | Noticed a spriggan
    87 | D        | Noticed a wolf
    87 | D        | Found a transporter.
    99 | D        | Killed a wolf
    99 | D        | Reached skill level 5 in Invocations
    99 | D        | Gained mutation: You have sharp fingernails. [demonic ancestry]
    99 | D        | Reached XP level 3. HP: 19/32 MP: 2/7
    99 | D        | Reached XP level 4. HP: 23/38 MP: 2/8
   105 | D        | Killed a spriggan
   105 | D        | Reached skill level 5 in Fighting
   105 | D        | Reached skill level 5 in Short Blades
   105 | D        | Reached skill level 5 in Armour
   105 | D        | Reached skill level 5 in Shields
   105 | D        | Reached skill level 7 in Invocations
   105 | D        | Reached XP level 5. HP: 15/46 MP: 3/10
   315 | D        | Entered arena 3.
   315 | D        | Noticed a water moccasin
   315 | D        | Found a transporter.
   334 | D        | Reached * piety under Cheibriados
   340 | D        | Killed a water moccasin
   340 | D        | Reached skill level 8 in Invocations
   340 | D        | Gained mutation: You have a pair of small antennae on your head. [demonic ancestry]
   340 | D        | Reached XP level 6. HP: 39/53 MP: 7/12
   341 | D        | Reached ** piety under Cheibriados
   499 | D        | Entered arena 4.
   499 | D        | Noticed a yaktaur
   499 | D        | Noticed a yaktaur
   499 | D        | Noticed a yaktaur
   499 | D        | Found a transporter.
   512 | D        | Slain by a yaktaur

Skill      XL: |  1  2  3  4  5 |
---------------+----------------+-----
Fighting       | 3 4 5 6 |  6.5
Short Blades   | 4 5 |  5.8
Armour         | 2 3 5 |  5.5
Shields        | 2 3 5 |  5.5
Invocations    | 4 5 7 8 |  8.2
Unarmed Combat | 3 |  3.1
Throwing       | |  1.7
Dodging        | |  2.6

Action                   |  1- 3 |  4- 6 || total
-------------------------+-------+-------++-------
Melee: Quick blade       |    10 |     6 ||    16
       Unarmed           |       |    28 ||    28
Invok: Bend Time         |       |     1 ||     1
  Use: Potion            |     2 |     5 ||     7
Armor: Shadow dragon sca |     7 |    40 ||    47
Dodge: Dodged            |     1 |    20 ||    21
Block: Buckler           |     3 |    34 ||    37
